 Dungeon Crawl Stone Soup version 0.13-a0-2531-g2ad9301 (webtiles) character file.

290 Kae the Ruinous (level 4, -2/30 HPs)
             Began as a Demonspawn Fire Elementalist on July 26, 2013.
             Slain by Grinder (6 damage)
             ... on Level 3 of the Dungeon.
             The game lasted 00:04:41 (3320 turns).

Kae the Ruinous (Demonspawn Fire Elementalist)      Turns: 3320, Time: 00:04:41

HP  -2/30        AC  2     Str  8      XL: 4   Next: 61%
MP   0/8         EV 11     Int 18      God:
Gold 180         SH  0     Dex 13      Spells:  2 memorised,  4 levels left

Res.Fire  : . . .   See Invis. : .   c - +2,+1 dagger (drain)
Res.Cold  : . . .   Warding    : .   d - +0 elf robe {MR+}
Life Prot.: . . .   Conserve   : .   (no shield)
Res.Poison: .       Res.Corr.  : .   (no helmet)
Res.Elec. : .       Clarity    : .   (no cloak)
Sust.Abil.: . .     Spirit.Shd : .   (no gloves)
Res.Mut.  : .       Stasis     : .   (no boots)
Res.Rott. : .       Flight     : .   (no amulet)
Saprovore : + . .                    (no ring)
                                     (no ring)

@: heavily drained, somewhat resistant to hostile enchantments, unstealthy
A: saprovore 1
a: no special abilities


You were on level 3 of the Dungeon.
You were not hungry.

You visited 1 branch of the dungeon, and saw 3 of its levels.

You collected 160 gold pieces.

Inventory:

Hand weapons
 c - a +2,+1 dagger of draining (weapon)
 h - a +2,+2 vampiric whip
Armour
 a - a +0 robe
 d - a +0 elven robe of magic resistance (worn)
Comestibles
 k - a chunk of giant newt flesh
Scrolls
 e - 4 scrolls of remove curse {unknown}
 f - 3 scrolls of identify {unknown}
 i - a scroll of recharging {unknown}
 l - a scroll of curse armour {unknown}
 n - a scroll of teleportation {unknown}
 o - a scroll of blinking {unknown}
Potions
 g - a potion of might
 j - a potion of slowing {unknown}
 m - a potion of heal wounds {unknown}
Books
 b - a book of Flames

   Spells                             Type                      Level
   *Flame Tongue                      Conjuration/Fire             1
   *Throw Flame                       Conjuration/Fire             2
   Conjure Flame                      Conjuration/Fire             3
   Inner Flame                        Hexes/Fire                   3
   Sticky Flame                       Conjuration/Fire             4
   Fireball                           Conjuration/Fire             5


   Skills:
 - Level 1.7(0.3) Dodging
 - Level 1.7(0.3) Stealth
 + Level 2.1(0.7) Spellcasting
 * Level 3.4(1.9) Conjurations
 + Level 3.1(1.6) Fire Magic


You had 4 spell levels left.
You knew the following spells:

 Your Spells              Type           Power        Failure   Level  Hunger
a - Flame Tongue          Conj/Fire      #....        12%         1    ##.....
b - Throw Flame           Conj/Fire      #.....       14%         2    ###....


Dungeon Overview and Level Annotations

Branches:
Dungeon (3/27)

Altars:
Kikubaaqudgha
Trog

Annotations
D:2 Sigmund
D:3 Grinder; Kae's ghost, average TeFE


Innate Abilities, Weirdness & Mutations

You can tolerate rotten meat.


Message History

Aim: Grinder (heavily wounded)
You miscast Flame Tongue.
Nothing appears to happen.
Grinder hits you.
You writhe in agony.
Casting: Flame Tongue
Confirm with . or Enter, or press ? or * to list all spells.
Aiming: Flame Tongue
Press: ? - help, Shift-Dir - straight line, f/p - Grinder
Aim: Grinder (heavily wounded)
The flame hits Grinder.
Grinder is heavily wounded.
Grinder hits you.
You writhe in agony.
Casting: Flame Tongue
Confirm with . or Enter, or press ? or * to list all spells.
Aiming: Flame Tongue
Press: ? - help, Shift-Dir - straight line, f/p - Grinder
Aim: Grinder (heavily wounded)
The flame misses Grinder.
Grinder hits you!
* * * LOW HITPOINT WARNING * * *
You writhe in agony.
You die...

####### .......#
........# #####
.........# ......
#.........##.......
#..........#...?...
#.........%#5......
#........@.#........
#.%......5%.........
#.........##.......(
#.........# .......
#.........# .......
########### .......
######


You could see Grinder.

Vanquished Creatures
  Jessica (D:2)
  3 adders (D:2)
  A giant mite (D:2)
  2 giant geckos
  2 oozes (D:2)
  3 ball pythons
  2 giant cockroaches
  2 goblins (D:1)
  3 hobgoblins
  7 jackals
  6 kobolds
  A quokka (D:2)
  13 bats
  5 giant newts
  4 rats
55 creatures vanquished.

Notes
Turn   | Place    | Note
--------------------------------------------------------------
     0 | D:1      | Kae, the Demonspawn Fire Elementalist, began the quest for the Orb.
     0 | D:1      | Reached XP level 1. HP: 13/13 MP: 3/3
   280 | D:1      | Gained mutation: You can tolerate rotten meat. [demonic ancestry]
   280 | D:1      | Reached XP level 2. HP: 11/19 MP: 0/4
   611 | D:1      | Learned a level 2 spell: Throw Flame
  1349 | D:1      | Reached XP level 3. HP: 16/24 MP: 6/6
  1392 | D:2      | Noticed Jessica
  1400 | D:2      | Killed Jessica
  1696 | D:2      | Noticed Sigmund
  1717 | D:2      | Reached skill level 3 in Fire Magic
  2330 | D:2      | Reached XP level 4. HP: 30/30 MP: 4/7
  2876 | D:2      | Found a bloodstained altar of Trog.
  2876 | D:2      | Found an ancient bone altar of Kikubaaqudgha.
  2985 | D:3      | Noticed Kae's ghost (average TeFE)
  3113 | D:3      | Noticed Grinder
  3320 | D:3      | Slain by Grinder

Action                   |  1- 3 |  4- 6 || total
-------------------------+-------+-------++-------
Melee: Unarmed           |   134 |       ||   134
       Dagger            |     5 |    28 ||    33
 Cast: Flame Tongue      |    63 |    30 ||    93
       Throw Flame       |     1 |       ||     1
  Use: Potion            |     4 |       ||     4
